 Dungeon Crawl Stone Soup version 0.23-a0-625-g1d2cd9b (webtiles) character file.

25197 Umbrage the Destroyer (level 12, 0/61 HPs)
             Began as a Deep Elf Conjurer on Dec 24, 2018.
             Was a High Priest of Vehumet.
             Slain by a sixfirhy (9 damage)
             ... summoned by an orc high priest
             ... on level 2 of the Orcish Mines.
             The game lasted 02:07:13 (20319 turns).

Umbrage the Destroyer (Deep Elf Conjurer)          Turns: 20319, Time: 02:07:20

Health: 0/61       AC: 23    Str: 11      XL:     12   Next: 87%
Magic:  13/31      EV: 11    Int: 21 (22) God:    Vehumet [*****.]
Gold:   780        SH:  4    Dex: 16      Spells: 16/37 levels left

rFire    + . .     SeeInvis +   D - -2 hand axe (curse)
rCold    . . .     Gourm    .   s - +0 buckler
rNeg     + . .     Faith    .   d - +5 ring mail "Qoyt" {rN+ Dex+3 Stlth+}
rPois    .         Spirit   .   e - +0 helmet
rElec    .         Reflect  .   n - +2 cloak
rCorr    .         Harm     .   B - +2 pair of gloves
MR       +....                  H - +2 pair of boots
Stlth    +++.......             (no amulet)
HPRegen  0.20/turn              k - +1 ring of protection
MPRegen  0.22/turn              E - ring of protection from fire

@: no status effects
A: see invisible, clumsy 1, strong 1, MP-powered wands
a: Renounce Religion


You were on level 2 of the Orcish Mines.
You worshipped Vehumet.
Vehumet was extremely pleased with you.
You were not hungry.

You visited 4 branches of the dungeon, and saw 17 of its levels.
You also visited: Bailey.

You collected 988 gold pieces.
You spent 208 gold pieces at shops.

Inventory:

Hand Weapons
 f - a +4 hand axe
 D - a cursed -2 hand axe (weapon)
 J - a +1 hunting sling of flaming
 K - a +4 mace
 L - a +3 war axe
 N - the +8 dagger of Sonaipt {pain, Dex+4 SInv}
   (You found it on level 9 of the Dungeon)

   In the hands of one skilled in necromantic magic, it inflicts extra damage on
   living creatures.
   It affects your dexterity (+4).
   It lets you see invisible.
Missiles
 i - 341 stones (quivered)
 R - 14 javelins
 U - 4 throwing nets
Armour
 d - the +5 ring mail "Qoyt" (worn) {rN+ Dex+3 Stlth+}
   (You took it off an orc priest on level 10 of the Dungeon)

   It affects your dexterity (+3).
   It protects you from negative energy.
   It makes you more stealthy.
 e - a +0 helmet (worn)
 n - a +2 cloak (worn)
 s - a +0 buckler (worn)
 u - a +0 leather armour
 A - a +0 scale mail of poison resistance
 B - a +2 pair of gloves (worn)
 H - a +2 pair of boots (worn)
 O - a scarf of repulsion
 V - a scarf of spirit shield
Jewellery
 a - the ring "Feikla" {*Tele rF++ rC+++ Str-4 Dex-5}
   (You found it on level 4 of the Dungeon)

   [ring of teleportation]

   It may teleport you next to monsters.
   It affects your strength (-4).
   It affects your dexterity (-5).
   It greatly protects you from fire.
   It renders you almost immune to cold.
 k - a +1 ring of protection (left hand)
 y - an uncursed ring of resist corrosion
 C - an uncursed ring of protection from magic
 E - a ring of protection from fire (right hand)
 G - an uncursed ring of protection from cold
 S - an uncursed ring of see invisible
 T - a +2 ring of strength
Wands
 v - a wand of flame (11)
 x - a wand of polymorph (19)
 F - a wand of disintegration (28)
 M - a wand of digging (9)
Scrolls
 o - 3 scrolls of teleportation
 p - 2 scrolls of magic mapping
 r - 4 scrolls of amnesia
 t - a scroll of identify
 w - a scroll of fear
Potions
 b - 7 potions of flight
 h - 2 potions of might
 j - 2 potions of lignification
 l - 6 potions of curing
 q - 2 potions of haste
 z - 3 potions of brilliance
 I - 2 potions of berserk rage
 Q - a potion of resistance
Comestibles
 c - 19 rations
 g - 11 chunks of flesh


   Skills:
 + Level 1.5 Fighting
 + Level 1.7 Short Blades
 + Level 6.2 Armour
 - Level 2.4 Dodging
 - Level 3.3 Stealth
 + Level 1.2 Shields
 + Level 13.2 Spellcasting
 + Level 14.4 Conjurations
 - Level 13.1 Hexes
 - Level 2.3 Translocations
 - Level 4.5 Fire Magic
 - Level 0.3 Evocations


You had 16 spell levels left.
You knew the following spells:

 Your Spells              Type           Power        Failure   Level  Hunger
a - Magic Dart            Conj           ####         1%          1    None
b - Searing Ray           Conj           ######       1%          2    None
c - Dazzling Spray        Conj/Hex       ######       1%          3    None
d - Iskenderun's Mystic   Conj           ######..     1%          4    None
e - Force Lance           Conj/Tloc      #####...     1%          4    None
f - Fulminant Prism       Conj/Hex       ######....   1%          4    None
g - Conjure Flame         Conj/Fire      ######..     1%          3    None

Your spell library contained the following spells:

 Spells                   Type           Power        Failure   Level  Hunger
 Airstrike                Air            ##........   34%         4    None
 Throw Frost              Conj/Ice       #####.       1%          2    None
 Throw Icicle             Conj/Ice       #####...     2%          4    None
 Freeze                   Ice            ##..         4%          1    None
 Beastly Appendage        Tmut           ##....       14%         1    None
 Sticks to Snakes         Tmut           ##......     22%         2    None
 Ozocubu's Armour         Chrm/Ice       ##......     41%         3    None
 Spider Form              Tmut/Pois      ##........   41%         3    None
 Ice Form                 Ice/Tmut       ##......     82%         4    None
 Summon Ice Beast         Ice/Summ       ##......     82%         4    None
 Blade Hands              Tmut           ##........   99%         5    ####...


Dungeon Overview and Level Annotations

Branches:
Dungeon (13/15)            Temple (1/1) D:5            Lair (1/6) D:9
    Orc (2/2) D:11            Elf (0/3) Orc:2
 Vaults: D:13-14

Altars:
Ashenzari
Cheibriados
Dithmenos
Elyvilon
Fedhas
Gozag
Hepliaklqana
Kikubaaqudgha
Makhleb
Nemelex Xobeh
Okawaru
Qazlal
Ru
Sif Muna
Trog
Uskayaw
Vehumet
Wu Jian
Xom
Yredelemnul
Zin
The Shining One
Beogh

Shops:
D:6 !   D:7 ?   D:11 (

Annotations:
D:1 exclusion: 2 downstairs, Terence
D:2 1 runed door
D:3 exclusion: 2 downstairs
D:5 1 runed door, Amnesiac's ghost, weakling SpEn
D:6 exclusion: 2 downstairs
D:10 exclusion: 2 downstairs
D:12 Frances


Innate Abilities, Weirdness & Mutations

You have supernaturally acute eyesight. (SInv)
You are clumsy. (Dex -2)
Your muscles are strong. (Str +2)
You expend magic power (3 MP) to strengthen your wands.


Message History

The sixfirhy hits you! The sixfirhy shocks you!
The sixfirhy completely misses you. You block the sixfirhy's attack.
The orange demon stings your fulminant prism.
The orange demon hits your fulminant prism.
Your fulminant prism looks weaker.
Your fulminant prism crackles loudly.
Casting: Fulminant Prism (safe; 1% risk of failure)
Confirm with . or Enter, or press ? or * to list all spells.
Aiming: Iskenderun's Mystic Blast (safe; 1% risk of failure)
Press: ? - help, Shift-Dir - straight line, f - fulminant prism
Aim: a fulminant prism (moderately damaged, weak, friendly) Really fire at your fulminant prism?
The orb of energy misses the sixfirhy.
The orb of energy hits your fulminant prism.
Your fulminant prism detonates feebly.
You block the sixfirhy's attack. The sixfirhy barely misses you.
The sixfirhy hits you!
* * * LOW HITPOINT WARNING * * *
The sixfirhy shocks you!
You die...

#.#....(.#.).
#........#55.# ..
......)).#.§o.## ...
........[##.34o.#####...
..........##............
.#..).....[##.)..*......
.........)).###.........
..............##3.).....
.##...........).@)......
. #...............).....
.......................
#.......................
.#......................
........................
.....................
....................


You could see 2 orc high priests, an orange demon, a sixfirhy, a ynoxinul, an
ufetubus and a friendly fulminant prism.

Vanquished Creatures
  A hydra (D:11)
  A centaur warrior (D:13)
  2 two-headed ogres
  Urug (D:10)
  A skeletal warrior (D:10)
  An unseen horror (D:13)
  2 orc knights
  2 orc sorcerers
  A manticore (D:11)
  An ugly thing (D:10)
  A cyclops (Orc:2)
  A centaur skeleton (D:11)
  A rime drake (Lair:1)
  A merfolk (D:10)
  A queen bee (D:9)
  4 trolls
  Grinder (D:4)
  A hornet (D:11)
  5 hippogriffs
  A vampire (D:10)
  2 wraiths
  2 wyverns
  Eustachio (D:4)
  15 yaks
  Sigmund (D:4)
  A hungry ghost (D:7)
  2 vampire mosquitoes (D:13)
  5 wargs
  A steam dragon (D:8)
  Edmund (D:4)
  2 water moccasins
  A porcupine (Lair:1)
  An acid dragon (D:11)
  A hornet zombie (D:9)
  2 sky beasts (D:7)
  An eye of draining (D:11)
  A phantom (D:9)
  21 orc warriors
  A necrophage (D:7)
  11 ogres
  6 centaurs
  A big kobold (D:10)
  7 bullfrogs
  A wyvern skeleton (D:8)
  4 scorpions
  33 killer bees
  13 wights
  6 howler monkeys
  2 centaur zombies
  5 crimson imps
  2 bullfrog zombies
  10 hounds
  A jelly (D:9)
  A bullfrog skeleton (D:13)
  A gnoll shaman (Orc:2)
  14 orc priests
  19 orc wizards
  2 iguanas
  8 worker ants
  A hound zombie (D:3)
  2 worker ant zombies
  A howler monkey skeleton (D:5)
  19 gnolls
  13 adders
  A dart slug (D:4)
  5 leopard geckos
  79 orcs
  5 bats
  6 giant cockroaches
  20 hobgoblins
  11 quokkas
  3 frilled lizards
  A giant cockroach zombie (D:5)
  24 goblins
  9 kobolds
  2 leopard gecko skeletons
  A quokka zombie (D:10)
  4 rats
  3 fulminant prisms
449 creatures vanquished.

Vanquished Creatures (others)
  Erica (Lair:1)
  A centaur zombie (D:13)
  4 yaks (Lair:1)
  An orc wizard (Orc:2)
  245 fulminant prisms
252 creatures vanquished.

Grand Total: 701 creatures vanquished

Notes
Turn   | Place    | Note
-------+----------+-------------------------------------------
     0 | D:1      | Umbrage the Deep Elf Conjurer began the quest for the Orb.
     0 | D:1      | Reached XP level 1. HP: 10/10 MP: 6/6
   838 | D:2      | Noticed Terence
   917 | D:2      | Reached XP level 2. HP: 15/15 MP: 4/8
   957 | D:2      | Reached skill level 5 in Conjurations
  1059 | D:2      | Learned a level 2 spell: Searing Ray
  1122 | D:2      | Reached XP level 3. HP: 11/19 MP: 2/9
  2107 | D:2      | Learned a level 3 spell: Dazzling Spray
  2211 | D:2      | Reached XP level 4. HP: 24/24 MP: 4/11
  2234 | D:2      | Reached skill level 6 in Conjurations
  2493 | D:2      | Found a runed door.
  2615 | D:2      | Learned a level 4 spell: Iskenderun's Mystic Blast
  2950 | D:3      | Reached XP level 5. HP: 28/28 MP: 0/13
  3847 | D:4      | Reached skill level 5 in Spellcasting
  3908 | D:4      | Noticed Sigmund
  4183 | D:4      | Killed Sigmund
  4183 | D:4      | Reached skill level 7 in Conjurations
  4183 | D:4      | Reached skill level 1 in Hexes
  4183 | D:4      | Reached XP level 6. HP: 30/32 MP: 14/16
  4218 | D:3      | Found a hide-covered altar of Uskayaw.
  4246 | D:4      | Noticed Edmund
  4381 | D:3      | Learned a level 4 spell: Force Lance
  4853 | D:4      | Killed Edmund
  5125 | D:4      | Reached XP level 7. HP: 36/36 MP: 9/18
  5137 | D:4      | Reached skill level 1 in Armour
  5177 | D:4      | Noticed Eustachio
  5219 | D:4      | Killed Eustachio
  5311 | D:4      | Noticed Grinder
  5525 | D:4      | Killed Grinder
  5525 | D:4      | Reached skill level 8 in Conjurations
  5664 | D:4      | Found a hazy altar of Hepliaklqana.
  5822 | D:4      | Reached skill level 1 in Short Blades
  6128 | D:4      | Got a heavily runed wooden ring
  6135 | D:4      | Identified the ring "Feikla" {*Tele rF++ rC+++ Str-4 Dex-5}
                  | (You found it on level 4 of the Dungeon)
  6152 | D:5      | Entered Level 5 of the Dungeon
  6153 | D:5      | Reached XP level 8. HP: 42/42 MP: 15/20
  6301 | D:5      | Found a sparkling altar of Nemelex Xobeh.
  6521 | D:5      | Found a runed door.
  6522 | D:5      | Found a staircase to the Ecumenical Temple.
  6522 | D:5      | Noticed Amnesiac's ghost (weakling SpEn)
  6531 | Temple   | Entered the Ecumenical Temple
  6648 | Temple   | Became a worshipper of Vehumet
  6875 | D:6      | Found Forchol's Distillery.
  6882 | D:6      | Bought 2 potions of mutation for 208 gold pieces
  6882 | D:6      | Gained mutation: Your natural rate of healing is unusually
                  | fast. [potion of mutation]
  6882 | D:6      | Gained mutation: You are somewhat resistant to further
                  | mutation. [potion of mutation]
  6882 | D:6      | Gained mutation: You are dopey. (Int -2) [potion of
                  | mutation]
  6883 | D:6      | Lost mutation: Your natural rate of healing is unusually
                  | fast. [potion of mutation]
  7197 | D:6      | Reached skill level 5 in Hexes
  7711 | D:6      | Found a snail-covered altar of Cheibriados.
  7860 | D:6      | Lost mutation: You are dopey. (Int -2) [potion of mutation]
  7860 | D:6      | Lost mutation: You are somewhat resistant to further
                  | mutation. [potion of mutation]
  7860 | D:6      | Gained mutation: You are weak. (Str -2) [potion of
                  | mutation]
  7860 | D:6      | Gained mutation: You are partially covered in large bone
                  | plates. (SH +4) [potion of mutation]
  7860 | D:6      | Gained mutation: You are clumsy. (Dex -2) [potion of
                  | mutation]
  7860 | D:6      | Gained mutation: You have sharp toenails. [potion of
                  | mutation]
  7896 | D:7      | Found Bizythil's Magic Scroll Shop.
  7904 | D:7      | Learned a level 4 spell: Fulminant Prism
  7931 | D:7      | Reached skill level 9 in Conjurations
  8138 | D:7      | Reached XP level 9. HP: 39/46 MP: 8/23
  9129 | D:7      | Reached * piety under Vehumet
  9129 | D:7      | Offered knowledge of Freeze by Vehumet.
  9365 | D:7      | Found an iron altar of Okawaru.
  9367 | D:7      | Found a glowing silver altar of Zin.
  9368 | D:7      | Found a sacrificial altar of Ru.
  9369 | D:7      | Found a shattered altar of Ashenzari.
  9438 | D:7      | Found a shattered altar of Ashenzari.
  9657 | D:7      | Reached skill level 10 in Spellcasting
  9838 | D:8      | Found a stormy altar of Qazlal.
  9861 | D:8      | Reached skill level 10 in Conjurations
 10252 | D:8      | Found a flagged portal.
 10259 | Bailey   | Entered a bailey
 10649 | Bailey   | Offered knowledge of Throw Frost by Vehumet.
 10753 | Bailey   | Reached ** piety under Vehumet
 11321 | Bailey   | Identified the +7 fustibalus "Feadet Voydi" {flame, *Slow
                  | Str+4}
 11348 | Bailey   | Reached skill level 1 in Fighting
 11348 | Bailey   | Reached skill level 1 in Translocations
 11348 | Bailey   | Reached XP level 10. HP: 31/52 MP: 5/27
 11356 | Bailey   | Noticed an orc warlord
 11363 | Bailey   | Noticed an orc knight
 11363 | Bailey   | Noticed an orc knight
 11818 | D:8      | Noticed a two-headed ogre
 11840 | D:8      | Killed a two-headed ogre
 12233 | D:9      | Noticed a two-headed ogre
 12274 | D:9      | Found a staircase to the Lair.
 12278 | D:9      | Offered knowledge of Conjure Flame by Vehumet.
 12442 | D:9      | Reached *** piety under Vehumet
 12517 | D:9      | Reached skill level 11 in Conjurations
 12621 | D:8      | Learned a level 3 spell: Conjure Flame
 12749 | D:9      | Offered knowledge of Throw Icicle by Vehumet.
 12749 | D:9      | Reached skill level 1 in Fire Magic
 12775 | D:9      | Reached **** piety under Vehumet
 12999 | D:9      | Got a faintly glowing dagger
 13035 | D:9      | Offered knowledge of Ignite Poison by Vehumet.
 13482 | D:9      | Reached XP level 11. HP: 44/56 MP: 21/29
 13594 | D:10     | Entered Level 10 of the Dungeon
 13965 | D:10     | Noticed a skeletal warrior
 14266 | D:10     | Noticed Urug
 14285 | D:10     | Killed Urug
 14288 | D:10     | Reached skill level 12 in Conjurations
 14417 | D:9      | Reached skill level 5 in Armour
 14759 | D:10     | Identified the +5 ring mail "Qoyt" {rN+ Dex+3 Stlth+}
 14786 | D:10     | Identified the +8 dagger of Sonaipt {pain, Dex+4 SInv} (You
                  | found it on level 9 of the Dungeon)
 15037 | D:9      | Killed a two-headed ogre
 15397 | D:10     | Reached ***** piety under Vehumet
 15397 | D:10     | Reached skill level 10 in Hexes
 15531 | D:10     | Killed a skeletal warrior
 15763 | D:11     | Noticed a brown ugly thing
 15769 | D:11     | Offered knowledge of Airstrike by Vehumet.
 15774 | D:10     | Killed a brown ugly thing
 15875 | D:10     | Lost mutation: You are partially covered in large bone
                  | plates. (SH +4) [potion of mutation]
 15875 | D:10     | Lost mutation: You are weak. (Str -2) [potion of mutation]
 15875 | D:10     | Gained mutation: Your magical capacity is low. (-10% MP)
                  | [potion of mutation]
 15875 | D:10     | Gained mutation: Your spells are a little harder to cast,
                  | but a little more powerful. [potion of mutation]
 15875 | D:10     | Gained mutation: You have supernaturally acute eyesight.
                  | (SInv) [potion of mutation]
 15876 | D:10     | Lost mutation: Your magical capacity is low. (-10% MP)
                  | [potion of mutation]
 15876 | D:10     | Lost mutation: You are clumsy. (Dex -2) [potion of
                  | mutation]
 15876 | D:10     | Lost mutation: Your spells are a little harder to cast, but
                  | a little more powerful. [potion of mutation]
 15876 | D:10     | Lost mutation: You have sharp toenails. [potion of
                  | mutation]
 15876 | D:10     | Gained mutation: Your muscles are strong. (Str +2) [potion
                  | of mutation]
 15876 | D:10     | Gained mutation: You are clumsy. (Dex -2) [potion of
                  | mutation]
 15876 | D:10     | Gained mutation: You expend magic power (3 MP) to
                  | strengthen your wands. [potion of mutation]
 16300 | D:11     | Found a staircase to the Orcish Mines.
 16471 | D:11     | Noticed a six-headed hydra
 16478 | D:11     | Killed a six-headed hydra
 16627 | D:11     | Reached XP level 12. HP: 61/61 MP: 24/30
 16799 | D:11     | Reached skill level 13 in Conjurations
 16882 | D:11     | Found Qogruimn's Weapon Shop.
 17404 | D:12     | Noticed Frances
 17801 | D:13     | Noticed a centaur warrior
 17807 | D:13     | Killed a centaur warrior
 18629 | Lair:1   | Entered Level 1 of the Lair of Beasts
 18728 | Lair:1   | Noticed Erica
 18737 | Lair:1   | Killed Erica
 18939 | Orc:1    | Entered Level 1 of the Orcish Mines
 19042 | Orc:1    | Reached skill level 14 in Conjurations
 19304 | Orc:2    | Entered Level 2 of the Orcish Mines
 19310 | Orc:2    | Reached skill level 1 in Shields
 19536 | Orc:2    | Found a staircase to the Elven Halls.
 19835 | Orc:2    | Found a roughly hewn altar of Beogh.
 20311 | Orc:2    | Noticed an orc high priest
 20314 | Orc:2    | Noticed an orc high priest
 20319 | Orc:2    | Slain by a sixfirhy

Vault maps used:
D:1:      dpeg_arrival_tiny_b
D:2:      first_ration, hex_tiny, uniq_terence, uniq_crazy_yiuf_cottage
D:3:      lemuel_upstairs_altar
D:4:      lemuel_round_altar, minmay_distorted, uniq_eustachio, uniq_grinder,
          uniq_edmund, uniq_sigmund
D:5:      temple_statues, basic_altar, ebering_ghost_reflecting_pool,
          grunt_ministairs_5
D:6:      cheibriados_altar_1, serial_shops, shop
D:7:      minitemple, serial_shops, kennysheep_mini_moat,
          evilmike_ruin_ashenzari
D:8:      enter_bailey_3, nicolae_qazlal_general_emergency
D:9:      erik_lair_orcish_takeover
D:10:     wad_cavern_with_rooms, hangedman_fish_farm, minmay_circle_x, uniq_urug
D:11:     orc_0_dummy, serial_shops, shop, hex_medium
D:12:     uniq_frances
D:13:     hangedman_vaults_entry_quadrant_bands, st_stairs_14,
          minmay_misc_feat_enclosed
Temple:   kb_temple_of_zot
Lair:1:   beast_lair_carwin_3, minmay_lair_oklob_chamber, lemuel_fruit_tree,
          uniq_erica, uniq_harold
Orc:2:    grunt_orc_tribal_feast, ebering_ghost_disaster_area, mines1_david
Bailey:   bailey_axe_minmay_hex_keep, bailey

Skill      XL: |  1  2  3  4  5  6  7  8  9 10 11 12 |
---------------+-------------------------------------+-----
Conjurations   | 5 6 7 8 9 10 11 12 14 | 14.4
Spellcasting   | 4 5 6 7 8 11 12 13 | 13.2
Hexes          | 1 2 3 5 6 8 11 13 | 13.1
Armour         | 1 3 4 5 6 |  6.2
Short Blades   | 1 |  1.7
Stealth        | 3 |  3.3
Fighting       | 1 |  1.5
Translocations | 1 2 |  2.3
Fire Magic     | 3 4 |  4.5
Shields        | 1 |  1.2
Dodging        | |  2.4
Evocations     | |  0.3

Action                   |  1- 3 |  4- 6 |  7- 9 | 10-12 || total
-------------------------+-------+-------+-------+-------++-------
Melee: Short sword       |       |       |    11 |       ||    11
       Hand axe          |       |       |     5 |    50 ||    55
       Kick              |       |       |     2 |       ||     2
 Cast: Magic Dart        |    54 |    42 |   238 |   142 ||   476
       Searing Ray       |     2 |     2 |     5 |       ||     9
       Iskenderun's Myst |       |     9 |    65 |    53 ||   127
       Dazzling Spray    |       |     8 |     3 |     8 ||    19
       Force Lance       |       |     1 |       |     3 ||     4
       Fulminant Prism   |       |       |    31 |   218 ||   249
       Conjure Flame     |       |       |       |     2 ||     2
Evoke: Wand              |       |     8 |    20 |     5 ||    33
  Use: Scroll            |       |     3 |    19 |    12 ||    34
       Potion            |       |       |     8 |     5 ||    13
 Stab: Invisible         |       |       |       |     2 ||     2
  Eat: Chunk             |     4 |     8 |    12 |    17 ||    41
       Ration            |       |     1 |     4 |     3 ||     8
Armor: Robe              |       |     4 |       |       ||     4
       Leather armour    |       |       |    27 |     2 ||    29
       Scale mail        |       |       |       |    77 ||    77
       Ring mail         |       |       |       |    64 ||    64
Dodge: Dodged            |     4 |    18 |    55 |    80 ||   157
Block: Other             |       |       |    11 |    22 ||    33
       Buckler           |       |       |       |    19 ||    19

Table legend:
 A = Non-vault XP
 B = Vault XP
 C = Vault XP percentage of total XP
 D = Non-vault monster count
 E = Vault monster count
 F = Vault count percentage of total count
                 A         B        C        D         E       F
            +---------+---------+-------+---------+---------+-------
      Total |   26248 |    9749 |  27.1 |     328 |     122 |  27.1
            +---------+---------+-------+---------+---------+-------
        D:1 |       9 |       0 |   0.0 |       5 |       0 |   0.0
        D:2 |     133 |       0 |   0.0 |      23 |       0 |   0.0
        D:3 |     107 |       0 |   0.0 |      19 |       0 |   0.0
        D:4 |     252 |     894 |  78.0 |       9 |       5 |  35.7
        D:5 |     276 |       0 |   0.0 |      11 |       0 |   0.0
        D:6 |     686 |       0 |   0.0 |      17 |       0 |   0.0
        D:7 |    1809 |       0 |   0.0 |      34 |       0 |   0.0
        D:8 |    1897 |       8 |   0.4 |      18 |       4 |  18.2
        D:9 |    3959 |    2593 |  39.6 |      43 |      36 |  45.6
       D:10 |    2185 |    2265 |  50.9 |      36 |       8 |  18.2
       D:11 |    6592 |       0 |   0.0 |      43 |       0 |   0.0
       D:12 |     512 |       0 |   0.0 |       5 |       0 |   0.0
       D:13 |    1322 |    1635 |  55.3 |       7 |       2 |  22.2
     Lair:1 |    1095 |     819 |  42.8 |       6 |       1 |  14.3
      Orc:1 |    2111 |       0 |   0.0 |      14 |       0 |   0.0
      Orc:2 |    3303 |     799 |  19.5 |      38 |      11 |  22.4
     Bailey |       0 |     736 | 100.0 |       0 |      55 | 100.0
            +---------+---------+-------+---------+---------+-------
